 Dungeon Crawl Stone Soup version 0.31.0 (webtiles) character file.

Game seed: 16626435086435105410

49 qw the Shooter (level 3, 0/23 HPs)
             Began as a Gargoyle Hunter on Jan 20, 2024.
             Slain by a ribbon worm (4 damage)
             ... on level 2 of the Dungeon.
             The game lasted 00:00:03 (957 turns).

qw the Shooter (Gargoyle Hunter)                     Turns: 957, Time: 00:00:04

Health: 0/23       AC:  6    Str: 14    XL:     3   Next: 77%
Magic:  3/3        EV: 11    Int:  9    God:
Gold:   42         SH:  0    Dex: 15    Spells: 2/2 levels left

rFire   . . .        a - +0 shortbow
rCold   . . .        (shield currently unavailable)
rNeg    + . .        c - +0 leather armour
rPois   inf          (no helmet)
rElec   +            (no cloak)
rCorr   .            (no gloves)
SInv    .            (no boots)
Will    .....        (no amulet)
Stlth   ++           (no ring)
HPRegen 0.23/turn    (no ring)
MPRegen 0.08/turn

%: no passive effects
@: no status effects
A: sickness immunity, AC +3, negative energy resistance 1, electricity
resistance, torment resistance 1, petrification resistance
a: no special abilities


You were on level 2 of the Dungeon.
You visited 1 branch of the dungeon, and saw 2 of its levels.

You collected 42 gold pieces.


Innate Abilities, Weirdness & Mutations

You are immune to sickness and miasma.
Your stone body is resilient. (AC +3)
You are immune to poison.
You resist negative energy. (rN+)
You are resistant to electric shocks. (rElec)
You are resistant to unholy torment.
You are immune to petrification.


   Skills:
 - Level 3.0 Fighting
 + Level 5.0 Ranged Weapons
 - Level 1.5 Dodging
 - Level 1.1 Stealth


You had 2 spell levels left.
You didn't know any spells.
Your spell library was empty.

Inventory:

Hand Weapons
 a - a +0 shortbow (weapon)
Armour
 b - a +0 ring mail
 c - a +0 leather armour (worn)
Scrolls
 d - a scroll of teleportation {unknown}
Potions
 g - 2 potions of curing
 h - a potion of berserk rage {unknown}

Dungeon Overview and Level Annotations

Branches:
Dungeon (2/15)

Altars:


Message History

You shoot an arrow. The arrow hits the bat!
You kill the bat!
Your Fighting skill increases to level 3!
Found 5 boomerangs.
d - a scroll labelled RALANU NIUVEZU
Found a stone staircase leading down.
A ribbon worm comes into view.
You shoot an arrow.
The arrow completely misses the ribbon worm.
You shoot an arrow. The arrow hits the ribbon worm.
The ribbon worm is lightly wounded.
You shoot an arrow. The arrow hits the ribbon worm.
The ribbon worm is lightly wounded.
You shoot an arrow. The arrow hits the ribbon worm.
The ribbon worm is moderately wounded.
You shoot an arrow.
The arrow barely misses the ribbon worm.
You shoot an arrow.
The arrow barely misses the ribbon worm.
You shoot an arrow. The arrow hits the ribbon worm!
The ribbon worm is severely wounded.
The ribbon worm bites you but does no damage.
You shoot an arrow. The arrow hits the ribbon worm.
The ribbon worm is severely wounded.
The ribbon worm bites you.
You shoot an arrow. The arrow hits the ribbon worm.
The ribbon worm is almost dead.
The ribbon worm bites you!
You shoot an arrow.
The arrow barely misses the ribbon worm.
The ribbon worm expels a string of sticky webbing.
The stream of webbing hits you but does no damage.
You are caught in a web!
The web tears apart.
The ribbon worm bites you!
You shoot an arrow.
The arrow hits the ribbon worm but does no damage.
The ribbon worm is severely wounded.
The ribbon worm bites you.
You die...

#.# #.........
. #.#
#......... .
#.# #.........
#.###......(..
#.............
#.##..........
#.###.........
#.###..#####..
#.##.@.# .
..##.w...#
..........>..
...........##
...............
.............##
.............#
.............#


You could see a ribbon worm (catching breath).

Vanquished Creatures
  A dart slug (D:1)
  An orc (D:2)
  2 bats
  3 endoplasms
  3 giant cockroaches
  4 goblins
  5 hobgoblins
  4 jackals (D:1)
  4 kobolds
  2 quokkas
  4 ball pythons (D:1)
  4 frilled lizards (D:1)
  3 rats (D:1)
40 creatures vanquished.

Notes
Turn   | Place    | Note
-------+----------+-------------------------------------------
     0 | D:1      | qw the Gargoyle Hunter began the quest for the Orb.
     0 | D:1      | Reached XP level 1. HP: 12/12 MP: 1/1
     0 | D:1      | 0 ||| qw: Version: 0.3-a-132-g3d54051
     0 | D:1      | 0 ||| qw: Game counter: 427
     0 | D:1      | 0 ||| qw: Melee chars always use a shield: true
     0 | D:1      | 0 ||| qw: God list: Okawaru
     0 | D:1      | 0 ||| qw: Allow faded altars: false
     0 | D:1      | 0 ||| qw: Do Orc after clearing Dungeon:15 true
     0 | D:1      | 0 ||| qw: Do second Lair branch before Depths: true
     0 | D:1      | 0 ||| qw: Lair rune preference: random
     0 | D:1      | 0 ||| qw: Goals: Normal
     0 | D:1      | 0 ||| PLANNING D:1-11
   106 | D:1      | Reached XP level 2. HP: 17/17 MP: 2/2
   338 | D:1      | Reached XP level 3. HP: 20/21 MP: 3/3
   443 | D:1      | Reached skill level 5 in Ranged Weapons
   665 | D:1      | 665 ||| READING scroll labelled PEIPLI WYERPHU.
   665 | D:1      | 665 ||| IDENTIFYING fizzy red potion
   666 | D:1      | 666 ||| READING scroll labelled ULELUCHECA.
   667 | D:1      | 667 ||| READING scroll labelled NUSHROL PEEFOMM.
   768 | D:1      | 768 ||| DROPPING scroll of butterflies.
   845 | D:2      | 845 ||| FLEEEEING.
   937 | D:2      | Reached skill level 3 in Fighting
   956 | D:2      | HP: 4/23 [ribbon worm (7)]
   957 | D:2      | Slain by a ribbon worm

Levels and vault maps discovered:
D:1:      lemuel_arrival_hallway, layout_basic, chequers_serial_rivers_room_a,
          serial_bayou_ford_a, minivault_23
D:2:      layout_rooms, uniq_terence

Skill      XL: |  1  2  3 |
---------------+----------+-----
Ranged Weapons | 5 |  5.0
Fighting       | 3 |  3.0
Dodging        | |  1.5
Stealth        | |  1.1

Action                     || total
---------------------------++-------
   Fire: Shortbow          ||   123
    Use: Scroll            ||     3
 Armour: Leather armour    ||    38
  Dodge: Dodged            ||    27

Table legend:
 A = Non-vault XP
 B = Vault XP
 C = Vault XP percentage of total XP
 D = Non-vault monster count
 E = Vault monster count
 F = Vault count percentage of total count
                 A         B        C        D         E       F
            +---------+---------+-------+---------+---------+-------
      Total |      71 |       0 |   0.0 |      40 |       0 |   0.0
            +---------+---------+-------+---------+---------+-------
        D:1 |      49 |       0 |   0.0 |      29 |       0 |   0.0
        D:2 |      22 |       0 |   0.0 |      11 |       0 |   0.0
            +---------+---------+-------+---------+---------+-------
